Map: Coda LE (Void)

Players

AgCl - Winner!

  • Race: Protoss Protoss

NinjaNight

  • Race: Terran Terran

VOD

Have the link to the VOD?

Description

Time

  • Played on: May 4, 2015, 8:23 p.m.
  • Length: 8:24
Show
View Real Time Build Order
Export as new Build Order

AgCl Protoss - Winner!

Build Orders: Oracle Opening, Oracle Opening 

Get SALT Encoding   

  12  0:01  Probe  
  13  0:13  Probe  
  14  0:32  Pylon  
  14  0:50  Probe (Chrono Boost)  
  14  0:51  Gateway  
  15  1:02  Probe (Chrono Boost)  
  16  1:04  Assimilator  
  16  1:11  Probe (Chrono Boost)  
  17  1:19  Probe  
  18  1:30  Pylon  
  18  1:31  Probe  
  19  1:39  Zealot (Chrono Boost)  
  21  1:43  Probe (Chrono Boost)  
  22  1:48  Cybernetics Core  
  23  1:54  Assimilator  
  23  1:55  Probe (Chrono Boost)  
  23  2:02  Probe (Chrono Boost)  
  24  2:12  Probe (Chrono Boost)  
  25  2:26  Probe (Chrono Boost)  
  25  2:29  Nexus  
  26  2:32  Probe  
  26  2:37  Stargate  
  27  2:55  Mothership Core (Chrono Boost)  
  29  2:59  Assimilator  
  29  3:00  Pylon  
  29  3:09  Probe (Chrono Boost)  
  28  3:21  Probe  
  28  3:22  Oracle (Chrono Boost)  
  32  3:33  Probe  
  33  3:34  Pylon  
  33  3:48  Probe  
  34  3:49  Probe  
  34  3:51  Void Ray (Chrono Boost)  
  37  4:12  Probe  
  37  4:16  Probe (Chrono Boost)  
  36  4:28  Probe (Chrono Boost), Warp Gate  
  38  4:33  Probe (Chrono Boost), Gateway  
  38  4:36  Pylon  
  38  4:37  Probe (Chrono Boost)  
  39  4:41  Probe  
  39  4:42  Fleet Beacon  
  39  4:45  Probe  
  41  4:58  Probe (Chrono Boost)  
  43  5:00  Void Ray (Chrono Boost)  
  43  5:04  Probe (Chrono Boost)  
  48  5:08  Probe (Chrono Boost)  
  48  5:11  Probe (Chrono Boost)  
  49  5:14  Carrier (Chrono Boost)  
  49  5:26  Probe  
  50  5:31  Probe  
  50  5:34  Assimilator  
  57  5:38  Probe (Chrono Boost)  
  58  5:49  Graviton Catapult (Chrono Boost), Probe (Chrono Boost)  
  60  5:50  Probe (Chrono Boost), Forge  
  60  5:53  Pylon  
  60  5:56  Probe x2 (Chrono Boost)  
  62  6:08  Probe  
  62  6:11  Carrier (Chrono Boost)  
  42  6:28  Probe (Chrono Boost)  
  42  6:32  Probe (Chrono Boost)  
  46  6:47  Probe x2 (Chrono Boost)  
  48  6:57  Forge  
  48  7:00  Probe (Chrono Boost)  
  50  7:05  Probe (Chrono Boost)  
  51  7:09  Probe (Chrono Boost)  
  51  7:13  Probe (Chrono Boost)  
  52  7:17  Probe, Phoenix (Chrono Boost)  
  55  7:24  Probe  
  55  7:29  Probe  
  58  7:37  Probe (Chrono Boost)  
  58  7:40  Phoenix  
  60  7:45  Probe (Chrono Boost)  
  60  7:50  Pylon  
  62  7:52  Photon Cannon  
  62  7:53  Probe (Chrono Boost)  
  51  8:23  Pylon  
Show
View Real Time Build Order
Export as new Build Order

NinjaNight Terran 

Build Orders: Cyclone Opening 

Get SALT Encoding   

  12  0:10  Supply Depot  
  12  0:13  SCV  
  13  0:22  Refinery  
  13  0:26  SCV  
  14  0:41  Barracks  
  14  0:45  SCV  
  15  0:57  SCV  
  16  1:09  SCV  
  17  1:33  Factory  
  17  1:35  Orbital Command  
  17  1:39  Barracks Tech Lab  
  17  1:57  Marine  
  19  2:01  SCV  
  19  2:07  Supply Depot  
  19  2:13  SCV  
  20  2:24  Command Center, Barracks Tech Lab  
  20  2:37  Cyclone  
  20  2:38  SCV  
  20  2:44  Marine  
  25  2:50  Refinery  
  25  2:51  SCV  
  26  3:03  SCV  
  26  3:15  SCV  
  27  3:25  Supply Depot  
  27  3:27  SCV, Engineering Bay  
  27  3:29  Cyclone  
  31  3:36  Orbital Command  
  31  3:39  SCV  
  32  3:51  SCV  
  32  3:53  Factory  
  32  3:55  Missile Turret  
  33  4:03  SCV  
  33  4:06  SCV  
  35  4:15  SCV, Cyclone  
  39  4:18  SCV  
  40  4:27  SCV  
  40  4:30  SCV  
  42  4:34  Starport  
  42  4:39  SCV  
  42  4:42  SCV  
  44  4:48  Refinery, Missile Turret  
  44  4:49  Refinery  
  44  4:50  Hellion x2  
  46  4:53  SCV  
  46  4:57  Missile Turret  
  48  5:00  Orbital Command  
  48  5:05  SCV  
  48  5:12  Hellion x2  
  52  5:14  Viking  
  52  5:17  SCV  
  52  5:20  Missile Turret  
  54  5:22  Missile Turret  
  54  5:23  Supply Depot, Marine  
  54  5:24  Supply Depot  
  53  5:40  SCV x2, Marine  
  56  5:44  Viking  
  56  5:47  Fusion Core  
  58  5:52  SCV  
  58  5:53  SCV  
  60  6:11  SCV  
  60  6:23  SCV  
  60  6:24  Starport Reactor  
  60  6:35  SCV, Unknown  
  60  6:46  Cyclone  
  61  6:49  Command Center  
  61  6:50  Command Center  
  61  6:51  Supply Depot  
  61  6:54  Supply Depot  
  61  6:59  Supply Depot  
  61  7:12  Cyclone  
  65  7:15  SCV  
  63  7:24  Cyclone  
  63  7:35  Viking  
  63  7:51  Hellion  
Tags
 
Add a new tag
Caveats
  • Supply blocks, unpowered buildings, or Contaminate may cause inaccurate times.
  • Supply counts are checked every 10 seconds.